 Dungeon Crawl Stone Soup version 0.30-a0-883-g5ad918d77d (webtiles) character file.

Game seed: 13908237583119600889

1395 cheesebisquit the Fighter (level 8, 0/79 HPs)
             Began as a White Draconian Fighter on Mar 17, 2023.
             Was an Initiate of Vehumet.
             Fell down a flight of stairs (1 damage)
             ... on level 6 of the Dungeon.
             The game lasted 00:21:19 (6030 turns).

cheesebisquit the Fighter (White Draconian Fighter) Turns: 6030, Time: 00:21:19

Health: 0/79       AC:  7    Str: 20    XL:     8   Next: 41%
Magic:  2/2        EV: 18    Int: 12    God:    Vehumet [......]
Gold:   339        SH:  0    Dex: 16    Spells: 7/7 levels left

rFire   . . .      SeeInvis .    m - +2 sling "Embalmer" {antimagic, Will++ rCorr Str+2}
rCold   + . .      Faith    .    b - +0 buckler
rNeg    . . .      Spirit   .    (body armour unavailable)
rPois   .          Reflect  .    (helmet restricted)
rElec   .          Rampage  .    (no cloak)
rCorr   +                        t - +0 pair of gloves
Will    ++...                    (no boots)
Stlth   +                        q - amulet of magic regeneration
HPRegen 0.33/turn                f - +5 ring of evasion
MPRegen 0.48/turn                w - +6 ring of dexterity

@: confused, ambrosia-drunk
A: breathe frost, AC +6, unfitting armour, cold resistance 1, cold-blooded
a: Breathe Frost, Renounce Religion


You were on level 6 of the Dungeon.
You worshipped Vehumet.
Vehumet was noncommittal.
You visited 2 branches of the dungeon, and saw 7 of its levels.

You collected 339 gold pieces.

Inventory:

Hand Weapons
 a - a +0 trident
 g - a +0 halberd
 m - the +2 sling "Embalmer" (weapon) {antimagic, Will++ rCorr Str+2}
   (You found it on level 4 of the Dungeon)

   Str:       It affects your strength (+2).
   rCorr:     It protects you from acid and corrosion.
   Will:      It greatly increases your willpower.
Missiles
 h - 5 poisoned darts
Armour
 b - a +0 buckler (worn)
 t - a +0 pair of gloves (worn)
Jewellery
 d - a ring of magical power
 f - a +5 ring of evasion (left hand)
 q - an amulet of magic regeneration (around neck)
 w - a +6 ring of dexterity (right hand)
Wands
 y - a wand of flame (37)
Scrolls
 c - 2 scrolls of magic mapping {unknown}
 e - 2 scrolls of poison
 j - a scroll of enchant weapon {unknown}
 k - a scroll of vulnerability
 l - a scroll of teleportation
 p - a scroll of amnesia
 s - 2 scrolls of torment
 x - a scroll of immolation {unknown}
Potions
 i - a potion of attraction {unknown}
 o - a potion of lignification {unknown}
 r - a potion of mutation {unknown}
 z - a potion of flight {unknown}


   Skills:
 + Level 9.9 Fighting
 - Level 2.0 Polearms
 + Level 2.8 Ranged Weapons
 + Level 4.1 Dodging
 + Level 4.5 Shields


You had 7 spell levels left.
You didn't know any spells.
Your spell library contained the following spells:

 Spells                   Type           Power      Damage    Failure   Level
 Slow                     Hex            0%         N/A       38%         1
 Confusing Touch          Hex            0%         N/A       77%         3
 Vampiric Draining        Necr           0%         2d6       77%         3


Dungeon Overview and Level Annotations

Branches:
Dungeon (6/15)             Temple (1/1) D:6

Altars:
Ashenzari
Cheibriados
Dithmenos
Elyvilon
Fedhas
Gozag
Hepliaklqana
Makhleb
Nemelex Xobeh
Okawaru
Qazlal
Ru
Sif Muna
Trog
Uskayaw
Vehumet
Wu Jian
Xom
Zin
The Shining One

Shops:
D:4 :

Annotations:
D:6 Duvessa, Pikel


Innate Abilities, Weirdness & Mutations

You can breathe waves of freezing cold which knock back foes.
Your icy white scales are hard. (AC +6)
You cannot fit into any form of body armour.
Your flesh is cold resistant. (rC+)
You are cold-blooded and may be slowed by cold attacks.


Message History

Duvessa closely misses you. Duvessa misses you.
You shoot a sling bullet.
The sling bullet hits Duvessa but does no damage.
Duvessa is moderately wounded.
Duvessa closely misses you. Duvessa hits you with a +0 short sword.
Okay, then.
You shoot a sling bullet.
The sling bullet hits Duvessa but does no damage.
Duvessa is moderately wounded.
Duvessa closely misses you. Duvessa barely misses you.
You shoot a sling bullet.
The sling bullet hits Duvessa but does no damage.
Duvessa is moderately wounded.
Duvessa hits you with a +0 short sword. Duvessa hits you with a +0 short sword!
You shoot a sling bullet.
The sling bullet closely misses Duvessa.
Duvessa barely misses you.
You shoot a sling bullet. The sling bullet hits Duvessa.
Duvessa is heavily wounded.
Duvessa closely misses you. Duvessa hits you with a +0 short sword!
You shoot a sling bullet.
The sling bullet hits Duvessa but does no damage.
Duvessa is moderately wounded.
Duvessa misses you. Duvessa hits you with a +0 short sword!
It was a potion of curing.
You feel better. Duvessa hits you with a +0 short sword.
Duvessa hits you with a +0 short sword!
* * * LOW HITPOINT WARNING * * *
You feel better. Duvessa misses you.
You feel better. Duvessa hits you with a +0 short sword!
* * * LOW HITPOINT WARNING * * *
Duvessa hits you with a +0 short sword!
* * * LOW HITPOINT WARNING * * *
You are confused.
You feel invigorated. Duvessa hits you with a +0 short sword!
* * * LOW HITPOINT WARNING * * *
Duvessa hits you with a +0 short sword.
* * * LOW HITPOINT WARNING * * *
Duvessa barely misses you.
In your confused state, you trip and fall back down the stairs.
You die...

...#.##...##..#####'#####.......#
.###.##...##..#............######
.#............#............#
.#............+............#
.#............#....<.......#
.#'#######+####............#
.................###########
.................#
..............<.@######
...............e).....#
..............†.#...#..#
...............##.8.##
...##+######..##.....# ...#
.....##..#.#..#
........##.##.....
.......##...##....
.....8....>....8..


You could see Duvessa (berserk).

Vanquished Creatures
  Prince Ribbit (D:4)
  Menkaure (D:5)
  A black bear (D:5)
  An ice beast (D:5)
  An ogre (D:5)
  2 lemures (D:5)
  A phantom (D:3)
  3 scorpions
  Dowan (D:6)
  3 hounds
  A jelly (D:5)
  2 sleepcaps
  A gnoll bouda (D:4)
  4 iguanas
  An orc wizard (D:3)
  5 adders
  5 gnolls
  A white imp (D:5)
  An ufetubus (D:4)
  A worm (D:5)
  2 dart slugs (D:1)
  4 orcs (D:3)
  8 ball pythons
  6 bats
  7 endoplasms
  4 giant cockroaches
  9 goblins
  4 hobgoblins
  8 quokkas
  3 frilled lizards
  4 kobolds
  4 rats
100 creatures vanquished.

Notes
Turn   | Place    | Note
-------+----------+-------------------------------------------
     0 | D:1      | cheesebisquit the Draconian Fighter began the quest for the
                  | Orb.
     0 | D:1      | Reached XP level 1. HP: 19/19 MP: 1/1
   229 | D:1      | Reached XP level 2. HP: 27/27 MP: 2/2
   232 | D:1      | Reached skill level 4 in Fighting
   760 | D:1      | Reached XP level 3. HP: 34/34 MP: 3/3
  1122 | D:2      | Reached skill level 5 in Fighting
  1148 | D:2      | Reached XP level 4. HP: 42/42 MP: 4/4
  1839 | D:3      | Reached skill level 6 in Fighting
  2059 | D:3      | Reached XP level 5. HP: 40/51 MP: 5/5
  2475 | D:3      | Found a bloodstained altar of Trog.
  2814 | D:4      | Identified the +2 sling "Embalmer" {antimagic, Will++ rCorr
                  | Str+2}
  2873 | D:4      | Found Xovysuvuips's Book Boutique.
  2980 | D:4      | Reached skill level 7 in Fighting
  3008 | D:4      | Noticed a phantom
  3031 | D:3      | Killed a phantom
  3032 | D:3      | Reached XP level 6. HP: 49/60 MP: 5/6
  3398 | D:3      | Found a bloodstained altar of Trog.
  3840 | D:4      | Found a shadowy altar of Dithmenos.
  3902 | D:4      | Reached skill level 8 in Fighting
  4052 | D:5      | Entered Level 5 of the Dungeon
  4070 | D:5      | Noticed an ice beast
  4121 | D:5      | Noticed Prince Ribbit
  4394 | D:4      | Killed Prince Ribbit
  4395 | D:4      | Reached skill level 9 in Fighting
  4395 | D:4      | Your scales start taking on an icy white colour.
  4395 | D:4      | Reached XP level 7. HP: 48/70 MP: 2/7
  4395 | D:4      | Gained mutation: Your flesh is cold resistant. (rC+) [White
                  | Draconian growth]
  4605 | D:5      | Reached skill level 1 in Ranged Weapons
  4942 | D:5      | Reached XP level 8. HP: 48/78 MP: 2/8
  5257 | D:5      | Found a broken altar of Ashenzari.
  5497 | D:5      | Found an opulent altar of Gozag.
  5497 | D:5      | Found a blossoming altar of Fedhas.
  5498 | D:5      | Found a glowing silver altar of Zin.
  5512 | D:5      | Found a snail-covered altar of Cheibriados.
  5515 | D:5      | Noticed Menkaure
  5521 | D:5      | Killed Menkaure
  5793 | D:6      | Found a staircase to the Ecumenical Temple.
  5802 | Temple   | Entered the Ecumenical Temple
  5802 | Temple   | Found a transporter.
  5802 | Temple   | Found a transporter.
  5804 | Temple   | Found a transporter.
  5804 | Temple   | Found a transporter.
  5819 | Temple   | Became a worshipper of Vehumet
  5844 | D:6      | Noticed Pikel
  5889 | D:6      | Noticed Dowan
  5906 | D:6      | Killed Dowan
  6011 | D:6      | Noticed Duvessa
  6028 | D:6      | HP: 3/79 [Duvessa/+0 short sword (10)]
  6029 | D:6      | HP: 1/79 [Duvessa/+0 short sword (6)]
  6030 | D:6      | Fell down a flight of stairs

Illustrated notes

Levels and vault maps discovered:
D:1:      wander_arrival_estate, layout_loops_corners
D:2:      layout_loops_ring, st_stairs_13, minmay_crystal_water
D:3:      layout_loops_ring, amcnicky_altar_gilded, minmay_surrounded
D:4:      layout_rooms, mainiacjoe_overflow_alcove_2, serial_shops,
          nicolae_shop_competitors_out_of_business, portal_sewer_entry_f
D:5:      layout_rooms, evilmike_ruin_ashenzari,
          nicolae_overflow_quartered_altars, uniq_menkaure, uniq_prince_ribbit1
D:6:      layout_gridville, minmay_temple_entry_waves, uniq_duvessa, uniq_pikel
Temple:   hellmonk_temple_divided_pantheon

Skill      XL: |  1  2  3  4  5  6  7  8 |
---------------+-------------------------+-----
Fighting       | 4 5 6 7 9 |  9.9
Ranged Weapons | 2 |  2.8
Dodging        | 3 4 |  4.1
Shields        | 4 |  4.5
Polearms       | |  2.0

Action                     |  1- 3 |  4- 6 |  7- 9 || total
---------------------------+-------+-------+-------++-------
  Melee: Trident           |    78 |    96 |       ||   174
         Tailslap          |     9 |     9 |       ||    18
   Fire: Sling             |       |   127 |   206 ||   333
  Throw: Dart              |       |    35 |       ||    35
    Use: Scroll            |       |    12 |     1 ||    13
         Potion            |       |     2 |     4 ||     6
   Stab: Sleeping          |     4 |       |       ||     4
 Armour: Skin              |    13 |    38 |    28 ||    79
  Dodge: Dodged            |    29 |   142 |   124 ||   295
  Block: Buckler           |    19 |    34 |    36 ||    89

Table legend: (Time is in decaauts)
 A = Elapsed time spent in this place.
 B = Non-inter-level travel time spent in this place.
 C = Inter-level travel time spent in this place.
 D = Time resting spent in this place.
 E = Time spent auto-exploring this place.
 F = Levels seen in this place.
 G = Mean time per level.
                   A        B        C        D        E       F      G
               +--------+--------+--------+--------+--------+-----+--------+
         Total |   6197 |   5783 |    414 |    523 |   4049 |   7 |  885.3 |
       Dungeon |   6158 |   5763 |    395 |    523 |   4043 |   6 | 1026.3 |
        Temple |     38 |     19 |     19 |      0 |      6 |   1 |   38.0 |
               +--------+--------+--------+--------+--------+-----+--------+

Top non-repeatable levels by time:
     D:3: 1780 daAuts
     D:5: 1164 daAuts
     D:1: 1130 daAuts
     D:4: 1066 daAuts
     D:2: 721 daAuts
     D:6: 295 daAuts
  Temple: 38 daAuts
